 Dungeon Crawl Stone Soup version 0.18.1-1-g2f07953 (webtiles) character file.

98 Locuples the Sneak (level 4, 0/33 HPs)
             Began as a Demonspawn Assassin on May 6, 2016.
             Was a Follower of Fedhas.
             Slain by a gnoll
             ... wielding a +0 flail
              (11 damage)
             ... on level 2 of the Dungeon.
             The game lasted 00:05:34 (2035 turns).

Locuples the Sneak (Demonspawn Assassin)            Turns: 2035, Time: 00:05:34

Health: 0/33       AC:  3    Str: 11    XL:     4   Next: 44%
Magic:  4/4        EV: 11    Int: 13    God:    Fedhas [*.....]
Gold:   156        SH:  0    Dex: 15    Spells: 0 memorised, 3 levels left

rFire  . . .     SeeInvis .     a - +2 dagger
rCold  . . .     Gourm    .     c - +0 robe
rNeg   . . .     Faith    .     (no shield)
rPois  .         Spirit   .     (helmet restricted)
rElec  .         Dismiss  .     d - +0 cloak
rCorr  .         Reflect  .     (no gloves)
SustAt .         Harm     .     (no boots)
MR     .....                    p - amulet of regeneration
Stlth  +++.......               (no ring)
                                (no ring)

@: drained, not resistant to hostile enchantments, fairly stealthy
A: claws 1, horns 1, talons 1
a: Evolution, Renounce Religion


You were on level 2 of the Dungeon.
You worshipped Fedhas.
Fedhas was aware of your devotion.
You were hungry.

You visited 1 branch of the dungeon, and saw 2 of its levels.

You collected 156 gold pieces.

Inventory:

Hand Weapons
 a - a +2 dagger (weapon)
 b - a +0 blowgun
Missiles
 e - 8 poisoned needles
 f - 2 curare-tipped needles
 l - 5 needles of sleeping
Armour
 c - a +0 robe (worn)
 d - a +0 cloak (worn)
Jewellery
 p - an amulet of regeneration (around neck)
Scrolls
 i - a scroll of identify {unknown}
 n - 2 scrolls of remove curse
 o - 3 scrolls of fog {unknown}
Potions
 j - a potion of cure mutation {unknown}
 m - 2 potions of might {unknown}
 q - a potion of resistance {unknown}
 r - a potion of magic {unknown}
 s - a potion of heal wounds {unknown}
 v - a potion of flight {unknown}
 w - a potion of ambrosia {unknown}
Comestibles
 g - a bread ration
 h - 7 fruits
 k - a meat ration
 x - a chunk of flesh


   Skills:
 - Level 2.0(1.3) Fighting
 - Level 1.7(1.1) Short Blades
 - Level 1.7(1.1) Throwing
 - Level 0.8(0.2) Dodging
 + Level 5.7(5.0) Stealth


You had 3 spell levels left.
You didn't know any spells.

Dungeon Overview and Level Annotations

Branches:
Dungeon (2/15)

Altars:
Fedhas
Sif Muna


Innate Abilities, Weirdness & Mutations

You have sharp fingernails.
You have a pair of small horns on your head.
You have sharp toenails.


Message History

The gnoll hits you with a flail!
* * * LOW HITPOINT WARNING * * *
No evolvable flora in sight.
You feel better. The gnoll barely misses you.
You barely miss the gnoll. You claw the gnoll, but do no damage.
You headbutt the gnoll, but do no damage.
The gnoll is heavily wounded.
The gnoll closely misses you.
You hit the gnoll but do no damage. Your kick misses the gnoll.
You headbutt the gnoll.
The gnoll is severely wounded.
The gnoll hits you with a flail!
You hit the gnoll. You claw the gnoll, but do no damage.
Your headbutt misses the gnoll.
The gnoll is severely wounded.
You barely miss the gnoll. You claw the gnoll, but do no damage.
The gnoll is severely wounded.
The gnoll hits you with a flail!
You die...
Fedhas appreciates your contribution to the ecosystem.

#.........#
###............
#.#########
#_'............ #.#
###...........# #.#
############# #.#
#.# #.#
#.###############.#
#...........@ggS..#
#################.#


You could see 2 gnolls and an adder.

Vanquished Creatures
  2 gnolls (D:2)
  3 adders (D:2)
  An ooze (D:2)
  A giant gecko (D:1)
  8 bats
  3 giant cockroaches
  7 goblins
  7 hobgoblins
  6 kobolds
  A quokka (D:2)
  A giant newt (D:2)
  4 rats
44 creatures vanquished.

Notes
Turn   | Place    | Note
--------------------------------------------------------------
     0 | D:1      | Locuples the Demonspawn Assassin began the quest for the Orb.
     0 | D:1      | Reached XP level 1. HP: 16/16 MP: 1/1
    52 | D:1      | Reached skill level 4 in Stealth
   215 | D:1      | Gained mutation: You have a pair of small horns on your head. [demonic ancestry]
   215 | D:1      | Reached XP level 2. HP: 22/22 MP: 2/2
  1010 | D:1      | Gained mutation: You have sharp toenails. [demonic ancestry]
  1010 | D:1      | Reached XP level 3. HP: 23/27 MP: 3/3
  1229 | D:2      | Found a faded altar to an unknown god.
  1270 | D:2      | Became a worshipper of Fedhas Madash
  1270 | D:2      | Reached * piety under Fedhas
  1603 | D:2      | Reached skill level 5 in Stealth
  1732 | D:2      | Found a deep blue altar of Sif Muna.
  1902 | D:2      | Gained mutation: You have sharp fingernails. [demonic ancestry]
  1902 | D:2      | Reached XP level 4. HP: 33/33 MP: 4/4
  2035 | D:2      | Slain by a gnoll

Skill      XL: |  1  2  3 |
---------------+----------+-----
Stealth        | 4 5 |  5.7
Fighting       | |  2.0
Short Blades   | |  1.7
Throwing       | |  1.7
Dodging        | |  0.8

Action                   |  1- 3 |  4- 6 || total
-------------------------+-------+-------++-------
Melee: Dagger            |   131 |    31 ||   162
       Headbutt          |    14 |     8 ||    22
       Kick              |    13 |     7 ||    20
  Use: Scroll            |     1 |       ||     1
       Potion            |       |     1 ||     1
 Stab: Sleeping          |     4 |       ||     4
  Eat: Chunk             |     3 |       ||     3
Armor: Robe              |    35 |       ||    35
Dodge: Dodged            |    65 |    13 ||    78
